 Dungeon Crawl Stone Soup version 0.30-a0-715-gdb4ae3ece1 (webtiles) character file.

Game seed: 14442837381113517935

156191 demibob the Slayer (level 17, -2/180 HPs)
             Began as a Hill Orc Fighter on Jan 25, 2023.
             Was a High Priest of Wu Jian.
             Slain by a salamander
             ... wielding a +3 spear
              (13 damage)
             ... on level 4 of the Snake Pit.
             The game lasted 00:58:27 (32093 turns).

demibob the Slayer (Hill Orc Fighter)              Turns: 32093, Time: 00:58:27

Health: -2/180     AC: 39    Str: 27    XL:     17   Next: 66%
Magic:  17/17      EV: 11    Int:  8    God:    Wu Jian [*****.]
Gold:   3033       SH:  0    Dex: 10    Spells: 16/16 levels left

rFire   . . .      SeeInvis .    a - +3 battleaxe (elec)
rCold   . . .      Faith    .    (shield currently unavailable)
rNeg    . . .      Spirit   .    D - +4 storm dragon scales {Bai Suzhen}
rPois   +          Reflect  .    j - +2 helmet
rElec   +          Harm     .    r - +0 cloak
rCorr   .          Rampage  .    k - +0 pair of gloves
Will    +....                    e - +2 pair of boots
Stlth   x                          - amulet of the acrobat
HPRegen 0.50/turn                P - ring of poison resistance
MPRegen 0.15/turn                T - +4 ring of protection

@: lethally poisoned (-2 -> -10), about to teleport, in a heavenly storm,
hasted, glowing, very quick
A: no striking features
a: Renounce Religion, Wall Jump, Serpent's Lash, Heavenly Storm


You were on level 4 of the Snake Pit.
You worshipped Wu Jian.
Wu Jian was extremely pleased with you.
You visited 4 branches of the dungeon, and saw 26 of its levels.

You collected 4069 gold pieces.
You spent 1036 gold pieces at shops.


   Skills:
 + Level 23.3 Fighting
 - Level 18.0 Axes
 + Level 21.6 Armour
 - Level 3.2 Shields


You had 16 spell levels left.
You didn't know any spells.
Your spell library contained the following spells:

 Spells                   Type           Power      Damage    Failure   Level
 Freeze                   Ice            0%         1d3       75%         1
 Sandblast                Erth           0%         2d4       75%         1
 Ensorcelled Hibernation  Hex/Ice        0%         N/A       87%         2
 Passwall                 Tmut/Erth      0%         N/A       87%         2
 Static Discharge         Conj/Air       0%         2-2/arc   87%         2
 Frozen Ramparts          Ice            0%         1d1       98%         3
 Hailstorm                Conj/Ice       0%         3d3       98%         3
 Ignite Poison            Fire/Tmut/Pois 0%         N/A       98%         3
 Portal Projectile        Hex/Tloc       0%         N/A       98%         3
 Stone Arrow              Conj/Erth      0%         3d7       98%         3
 Swiftness                Air            0%         N/A       98%         3
 Tukima's Dance           Hex            0%         N/A       98%         3
 Anguish                  Hex/Necr       0%         N/A       100%        4
 Animate Armour           Summ/Erth      0%         N/A       100%        4
 Dispel Undead            Necr           0%         3d6       100%        4
 Leda's Liquefaction      Hex/Erth       0%         N/A       100%        4
 Passage of Golubria      Tloc           0%         N/A       100%        4
 Petrify                  Tmut/Erth      0%         N/A       100%        4
 Blade Hands              Tmut           0%         N/A       100%        5
 Lee's Rapid Deconstruct  Erth           0%         3d4*      100%        5
 Yara's Violent Unravell  Hex/Tmut       0%         3d3       100%        5
 Starburst                Conj/Fire      0%         6d3       100%        6
 Statue Form              Tmut/Erth      0%         N/A       100%        6

Inventory:

Hand Weapons
 a - a +3 battleaxe of electrocution (weapon)
 b - a +5 battleaxe
Missiles
 n - 11 poisoned darts
 F - 2 atropa-tipped darts (quivered)
Armour
 d - a +1 plate armour of fire resistance
 e - a +2 pair of boots (worn)
 j - a +2 helmet (worn)
 k - a +0 pair of gloves (worn)
 r - a +0 cloak (worn)
 D - +4 storm dragon scales (worn) {Bai Suzhen}
Jewellery
 v - a ring of see invisible
 x - an amulet of the acrobat (around neck)
 z - an amulet of faith {!P}
 E - a +5 ring of evasion
 J - the ring of Incredulity {rElec rC+ rN+ MP+9}
   (You found it on level 4 of the Lair of Beasts)

   [ring of magical power]

   rC:        It protects you from cold.
   rElec:     It insulates you from electricity.
   rN:        It protects you from negative energy.
   MP:        It affects your magic capacity (+9).
 N - a ring of positive energy
 P - a ring of poison resistance (left hand)
 R - a ring of resist corrosion
 T - a +4 ring of protection (right hand)
 W - a ring of willpower
 Z - a ring of wizardry
Wands
 u - a wand of charming (17)
 C - a wand of iceblast (15)
 K - a wand of digging (4)
 Q - a wand of flame (8)
Scrolls
 i - a scroll of magic mapping
 l - 12 scrolls of teleportation {@r2}
 o - 13 scrolls of identify {@r1}
 q - 8 scrolls of blinking
 t - 5 scrolls of vulnerability
 w - 4 scrolls of enchant weapon
 y - 3 scrolls of enchant armour
 M - a scroll of summoning
 S - a scroll of fog
Potions
 c - 4 potions of ambrosia
 f - 4 potions of cancellation
 g - 3 potions of attraction
 h - 6 potions of curing {@q1}
 s - a potion of resistance
 G - 4 potions of flight
 H - 4 potions of haste {@q3}
 I - a potion of brilliance
 L - 2 potions of berserk rage {!q}
 O - a potion of mutation
Miscellaneous
 m - a lightning rod (4/4)
 p - a phantom mirror
 A - a phial of floods

Dungeon Overview and Level Annotations

Branches:
Dungeon (15/15)            Temple (0/1) D:6            Lair (5/5) D:11
  Swamp (0/4) Lair:2        Snake (4/4) Lair:2        Slime (0/5) Lair:5
    Orc (2/2) D:10            Elf (0/3) Orc:2        Vaults (0/5) D:13
 Depths (0/4) D:15

Altars:
Dithmenos
Elyvilon
Fedhas
Okawaru
Qazlal
Sif Muna
Uskayaw
Vehumet
Wu Jian
Zin
The Shining One
Beogh
Jiyva

Shops:
D:3 (   D:12 [   Orc:2 ?**!   Snake:2 ([!   Snake:3 =

Annotations:
D:12 1 runed translucent door, Ezorr's ghost, adept OpAE

*,,,,,,*,,##.≈≈≈⌠...##*,,,,,,
**,,,,,,,##..#N≈..N..N**,,,,,
*,,,,,,,#...NNN.....N,**,,,,
*,,,,,,,#....#.N...#.,*,,,,*
**,,,,,,#..N..N......,,,,,,*
***,,,,#..N.N.......,*,,***
*****▒.NNNNN......,****
######▒▒▒NNN▒▒...▒▒▒▒#####
#....☼☼§§@N§........?.....
#....§§§§§§§...........[..
##...§☼§§§§§....###.....##
##...☼☼☼§§..####.####..#.
###........#.......#..##
#........#.......#..##
#.......##......##..#.
#.......#.......#...##
#..##'#.##....###....#


You could see 2 naga warriors, a naga sharpshooter (strong, curare), a
salamander mystic (strong), 2 salamanders and 2 naga magi.


Message History

The naga mage seems to speed up.
The naga mage barely misses you.
You feel better.
You hear a shout!
The naga mage hits you but does no damage.
The naga warrior roars a battlecry!
The nagas go into a battle-frenzy!
The salamander hits you from afar with a +3 spear.
* * * LOW HITPOINT WARNING * * *
You are engulfed in flames!
* * * LOW HITPOINT WARNING * * *
The salamander barely misses you.
You feel better.
You hear a shout!
The naga mage points at the naga sharpshooter and mumbles some strange words.
The naga sharpshooter seems to grow toxic.
The naga mage casts a spell at you.
The bolt of poison hits the naga sharpshooter.
The bolt of poison hits you but does no damage.
You are poisoned.
You resist. The naga warrior spits poison at you.
The splash of poison misses you.
The naga sharpshooter mumbles some strange words.
The naga sharpshooter magically shoots an arrow.
The arrow hits you!!
* * * LOW HITPOINT WARNING * * *
The salamander hits you from afar with a +3 spear.
* * * LOW HITPOINT WARNING * * *
You are engulfed in flames!
You die...

Skill      XL: |  1  2  3  4  5  6  7  8  9 10 11 12 13 14 15 16 17 |
---------------+----------------------------------------------------+-----
Axes           | 3 4 5 6 8 9 12 14 16 18 | 18.0
Fighting       | 6 9 11 14 16 18 20 22 23 | 23.3
Armour         | 5 9 10 13 15 17 19 20 21 | 21.6
Shields        | |  3.2

Action                     |  1- 3 |  4- 6 |  7- 9 | 10-12 | 13-15 | 16-18 || total
---------------------------+-------+-------+-------+-------+-------+-------++-------
  Melee: War axe           |    94 |   148 |   252 |   259 |       |       ||   753
         Punch             |       |     2 |     1 |     9 |     9 |       ||    21
         Broad axe         |       |       |       |   353 |   689 |       ||  1042
         Battleaxe         |       |       |       |       |   364 |   660 ||  1024
 Invoke: Heavenly Storm    |       |       |       |       |       |     3 ||     3
         Serpent's Lash    |       |       |       |       |       |     1 ||     1
Ability: Lunge             |     8 |    13 |    11 |    39 |    67 |    50 ||   188
         Whirlwind         |       |     1 |     9 |     1 |     4 |     1 ||    16
  Evoke: Wand              |       |       |       |     1 |     3 |     9 ||    13
         Lightning rod     |       |       |       |       |    10 |     4 ||    14
         Phantom mirror    |       |       |       |       |     1 |     1 ||     2
    Use: Scroll            |     5 |     4 |     4 |     7 |    11 |     4 ||    35
         Potion            |       |     3 |     5 |     2 |    12 |     8 ||    30
   Stab: Confused          |       |       |       |       |       |     1 ||     1
 Armour: Scale mail        |    55 |    87 |    77 |   145 |       |       ||   364
         Skin              |       |       |     7 |       |       |       ||     7
         Plate armour      |       |       |       |    85 |   645 |   503 ||  1233
         Storm dragon scal |       |       |       |       |       |    67 ||    67
  Dodge: Dodged            |    59 |    89 |   118 |   321 |   606 |   265 ||  1458

Levels and vault maps discovered:
D:1:      minmay_arrival_three_doors, layout_rooms,
          dreamdust_ecumenical_altar_statues
D:2:      layout_basic
D:3:      layout_basic, lemuel_round_altar, nicolae_qazlal_general_emergency,
          serial_shops, nicolae_shop_bloodbath_and_beyond, uniq_ijyb,
          uniq_terence
D:4:      layout_basic
D:5:      layout_basic, uniq_menkaure, uniq_pikel
D:6:      layout_rooms, temple_fountains, minmay_door_square
D:7:      layout_basic, mainiacjoe_overflow_cross_hatched, zin_statuary,
          mainiacjoe_overflow_catwalk, grunt_dithmenos_smoke_and_mirrors
D:8:      layout_loops_ring, lemuel_tele_altar
D:9:      layout_loops_ring, lemuel_round_altar
D:10:     layout_basic, gammafunk_temple_overflow_statue, orc_0_dummy
D:11:     layout_irregular_city, grunt_lair_entry_orc_guard_hut,
          portal_ice_cave_demonic_guard, nicolae_trove_entry_diagonal,
          st_stairs_9
D:12:     layout_long_grid, hellmonk_ghost_happy_afterlife, serial_shops, shop,
          minmay_the_grid_2x2 [minmay_the_grid_broken_lines,
          minmay_the_grid_minigrid_small_alt, minmay_the_grid_outer_circle,
          minmay_the_grid_prize_four_corners], uniq_kirke, uniq_maurice
D:13:     layout_irregular_city, david_vaults_5
D:14:     layout_loops_ring, minmay_parallelograms
D:15:     grunt_enter_depths_snipers, layout_loops_ring
Lair:1:   layout_roguey
Lair:2:   layout_loops_ring, swamp_mist, minmay_snake_entry_six_corridors
Lair:3:   layout_layer_cave, st_stairs_13, grunt_megastairs_3,
          serial_bayou_shore_b, uniq_josephine, uniq_urug
Lair:4:   layout_gridlike, lemuel_fruit_fields
Lair:5:   cheibrodos_lair_end_hotspot, layout_cave_pods, slime_entry_1,
          uniq_snorg
Snake:1:  layout_onion, basic_altar, serial_bayou_shore_a
Snake:2:  onia_ninara_swampy_vault, layout_gridlike, grunt_ministairs_13,
          minmay_shop_star, serial_bayou_shore_b, uniq_frances, uniq_donald
Snake:3:  layout_grid_maze, minmay_shop_enchanted_jewellery
Snake:4:  snake_pit, layout_cave_town, nicolae_fountain_basement,
          uniq_bai_suzhen
Orc:1:    layout_diamond_mine
Orc:2:    st_orc_town, layout_caves

Notes
Turn   | Place    | Note
-------+----------+-------------------------------------------
     0 | D:1      | demibob the Hill Orc Fighter began the quest for the Orb.
     0 | D:1      | Reached XP level 1. HP: 19/19 MP: 1/1
    48 | D:1      | Reached skill level 3 in Axes
    54 | D:1      | Reached XP level 2. HP: 23/26 MP: 2/2
    59 | D:1      | Reached skill level 4 in Axes
   108 | D:1      | Found a faded altar of an unknown god.
   123 | D:1      | Prayed at the altar of an unknown god.
   123 | D:1      | Became a worshipper of the Wu Jian Council
   123 | D:1      | Reached * piety under Wu Jian
   162 | D:1      | Reached XP level 3. HP: 25/31 MP: 3/3
   318 | D:1      | Reached skill level 5 in Axes
  1031 | D:2      | Reached ** piety under Wu Jian
  1257 | D:3      | Reached XP level 4. HP: 36/39 MP: 4/4
  1377 | D:3      | Noticed Ijyb
  1404 | D:3      | Killed Ijyb
  1405 | D:3      | Reached skill level 6 in Axes
  1491 | D:3      | Reached XP level 5. HP: 45/45 MP: 5/5
  1504 | D:3      | Noticed Terence
  1516 | D:3      | Killed Terence
  1517 | D:3      | Reached skill level 7 in Axes
  1590 | D:3      | Found Jeapn's Weapon Emporium.
  1723 | D:3      | Found a blossoming altar of Fedhas.
  1867 | D:3      | Found a stormy altar of Qazlal.
  1968 | D:4      | Found the +4 robe of Augmentation {Str+4 Int+4 Dex+4}
  1980 | D:4      | Reached skill level 8 in Axes
  1980 | D:4      | Reached XP level 6. HP: 51/51 MP: 6/6
  2264 | D:4      | Reached *** piety under Wu Jian
  2315 | D:4      | Got the Octavo of Inflammable Fog
  2636 | D:5      | Entered Level 5 of the Dungeon
  2678 | D:5      | Reached skill level 9 in Axes
  3053 | D:5      | Noticed a black bear
  3061 | D:5      | Killed a black bear
  3062 | D:5      | Reached XP level 7. HP: 52/57 MP: 7/7
  3090 | D:5      | Reached skill level 10 in Axes
  3322 | D:5      | Noticed Pikel
  3331 | D:5      | Reached skill level 11 in Axes
  3338 | D:5      | Killed Pikel
  3339 | D:5      | Reached skill level 12 in Axes
  3339 | D:5      | Reached XP level 8. HP: 16/64 MP: 8/8
  3829 | D:5      | Noticed Menkaure
  3838 | D:5      | Killed Menkaure
  3839 | D:5      | Reached skill level 13 in Axes
  4099 | D:6      | Got the Parchment of Nausea and the Lithosphere
  4128 | D:6      | Reached skill level 14 in Axes
  4380 | D:6      | Reached XP level 9. HP: 70/70 MP: 9/9
  4507 | D:6      | Found a staircase to the Ecumenical Temple.
  4664 | D:6      | Reached skill level 15 in Axes
  4985 | D:7      | Found a white marble altar of Elyvilon.
  5097 | D:7      | Identified 2 potions of resistance
  5312 | D:7      | Found a glowing silver altar of Zin.
  5371 | D:7      | Found a shadowy altar of Dithmenos.
  5413 | D:7      | Reached skill level 16 in Axes
  5419 | D:7      | Reached skill level 4 in Fighting
  5429 | D:7      | Reached skill level 4 in Armour
  5609 | D:7      | Found an iron altar of Okawaru.
  6054 | D:8      | Reached skill level 5 in Fighting
  6135 | D:8      | Found a radiant altar of Vehumet.
  6250 | D:8      | Reached skill level 5 in Armour
  6272 | D:8      | Reached skill level 6 in Fighting
  6376 | D:8      | Reached XP level 10. HP: 82/83 MP: 10/10
  6590 | D:8      | Reached **** piety under Wu Jian
  6603 | D:8      | Reached skill level 6 in Armour
  6849 | D:8      | Reached skill level 7 in Fighting
  7415 | D:9      | Found a glowing golden altar of the Shining One.
  7430 | D:9      | Reached skill level 7 in Armour
  7440 | D:9      | Reached skill level 8 in Fighting
  7692 | D:9      | Reached skill level 8 in Armour
  7695 | D:9      | Reached skill level 9 in Fighting
  8059 | D:10     | Entered Level 10 of the Dungeon
  8195 | D:10     | Killed an unseen horror
  8196 | D:10     | Reached skill level 9 in Armour
  8196 | D:10     | Reached XP level 11. HP: 80/99 MP: 11/11
  8247 | D:10     | Reached skill level 10 in Fighting
  8415 | D:10     | Reached ***** piety under Wu Jian
  8425 | D:10     | Found a staircase to the Orcish Mines.
  8654 | D:10     | Identified the +4 long sword of Rubbish {drain, rCorr Int+3
                  | SInv Stlth-}
  8931 | D:10     | Found a shimmering blue altar of Sif Muna.
  8931 | D:10     | Found a hide-covered altar of Uskayaw.
  9457 | D:11     | Noticed a two-headed ogre
  9492 | D:11     | Killed a two-headed ogre
  9493 | D:11     | Reached skill level 17 in Axes
  9731 | D:11     | Noticed a two-headed ogre
  9742 | D:11     | Killed a two-headed ogre
  9900 | D:11     | Reached skill level 18 in Axes
 10349 | D:11     | Noticed a cyclops
 10364 | D:11     | Killed a cyclops
 10365 | D:11     | Reached skill level 11 in Fighting
 10365 | D:11     | Reached skill level 10 in Armour
 10385 | D:11     | Found a staircase to the Lair.
 10396 | Lair:1   | Entered Level 1 of the Lair of Beasts
 10430 | D:12     | Noticed a red ugly thing
 10518 | Lair:1   | Reached XP level 12. HP: 105/110 MP: 12/12
 10632 | Lair:1   | Noticed a death yak
 10647 | Lair:1   | Killed a death yak
 11004 | Lair:1   | You fall into a shaft and drop 1 floor!
 11004 | Lair:2   | Found a staircase to the Snake Pit.
 11011 | Lair:2   | Reached skill level 11 in Armour
 11015 | Lair:2   | Reached skill level 12 in Fighting
 11568 | Lair:2   | Reached skill level 13 in Fighting
 11568 | Lair:2   | Reached skill level 12 in Armour
 11683 | Lair:2   | Found a staircase to the Swamp.
 12728 | Lair:3   | Reached skill level 14 in Fighting
 12748 | Lair:3   | Identified the +6 trident "Oxof" {flame, Fly}
 12765 | Lair:3   | Reached skill level 13 in Armour
 12765 | Lair:3   | Reached XP level 13. HP: 120/124 MP: 13/13
 12766 | Lair:3   | Noticed Josephine
 12785 | Lair:3   | Killed Josephine
 12803 | Lair:3   | Noticed Urug
 12816 | Lair:3   | Killed Urug
 13584 | Lair:4   | Reached skill level 15 in Fighting
 13588 | Lair:4   | Reached skill level 14 in Armour
 13963 | Lair:4   | Reached ****** piety under Wu Jian
 14522 | Lair:4   | Identified the +0 chain mail of Eluygapu {rElec Str+3 Dex+3
                  | SInv}
 14522 | Lair:4   | Identified the ring of Incredulity {rElec rC+ rN+ MP+9}
 14823 | Lair:5   | Entered Level 5 of the Lair of Beasts
 14837 | Lair:5   | Reached skill level 16 in Fighting
 15111 | Lair:5   | Reached skill level 15 in Armour
 15125 | Lair:5   | Reached XP level 14. HP: 98/138 MP: 14/14
 15426 | Lair:5   | Reached skill level 17 in Fighting
 15688 | Lair:5   | Found a viscous altar of Jiyva.
 15688 | Lair:5   | Found a staircase to the Slime Pits.
 15867 | Lair:5   | Reached skill level 16 in Armour
 16565 | Lair:5   | Found a large runed translucent door.
 16566 | Lair:5   | Found a large runed translucent door.
 16816 | Lair:5   | Noticed Snorg
 16825 | Lair:5   | Killed Snorg
 17494 | Orc:1    | Entered Level 1 of the Orcish Mines
 17606 | Orc:1    | Reached skill level 18 in Fighting
 18243 | Orc:2    | Entered Level 2 of the Orcish Mines
 18253 | Orc:2    | Found a staircase to the Elven Halls.
 18296 | Orc:2    | Paralysed by an orc sorcerer for 2 turns
 18880 | Orc:2    | Reached skill level 17 in Armour
 19224 | Orc:2    | Found Erunnipp's Distillery.
 19224 | Orc:2    | Found Mosan's Assorted Antiques.
 19249 | Orc:2    | Found a roughly hewn altar of Beogh.
 19291 | Orc:2    | Reached XP level 15. HP: 141/150 MP: 15/15
 19315 | Orc:2    | Found Perofro's General Store.
 19315 | Orc:2    | Found Boteh's Magic Scroll Emporium.
 19360 | Orc:2    | Bought a scroll of acquirement for 572 gold pieces
 19360 | Orc:2    | Bought a scroll of enchant armour for 82 gold pieces
 19360 | Orc:2    | Acquired 1211 gold pieces
 19371 | Orc:2    | Bought 3 scrolls of blinking for 337 gold pieces
 19371 | Orc:2    | Bought a scroll of teleportation for 45 gold pieces
 20079 | D:12     | Found Jeruil's Antique Armour Shoppe.
 20099 | D:12     | Found a runed translucent door.
 20099 | D:12     | Noticed Ezorr's ghost (adept OpAE)
 20130 | D:12     | Noticed Maurice
 20136 | D:12     | Killed Maurice
 20186 | D:12     | Reached skill level 19 in Fighting
 20825 | D:12     | Noticed Kirke
 20835 | D:12     | Killed Kirke
 21378 | D:13     | Reached skill level 18 in Armour
 21807 | D:13     | Found a gate to the Vaults.
 22762 | D:14     | Reached skill level 20 in Fighting
 23266 | D:15     | Entered Level 15 of the Dungeon
 24178 | D:15     | Found a staircase to the Depths.
 24188 | D:15     | Reached skill level 19 in Armour
 24188 | D:15     | Reached XP level 16. HP: 109/165 MP: 16/16
 24512 | Snake:1  | Entered Level 1 of the Snake Pit
 25362 | Snake:1  | Reached skill level 21 in Fighting
 25726 | Snake:1  | Found an ornate altar of the Wu Jian Council.
 26414 | Snake:2  | Noticed Frances
 26435 | Snake:2  | Killed Frances
 26889 | Snake:2  | Found Revat's Weapon Boutique.
 26891 | Snake:2  | Found Koaciokly's Antique Armour Shop.
 26893 | Snake:2  | Found Paco Guse's Distillery.
 26972 | Snake:2  | Noticed a tentacled monstrosity
 26989 | Snake:2  | Killed a tentacled monstrosity
 26991 | Snake:2  | Reached skill level 20 in Armour
 27119 | Snake:2  | Noticed a thorn hunter
 27130 | Snake:2  | Killed a thorn hunter
 27365 | Snake:2  | Noticed a tentacled monstrosity
 27382 | Snake:2  | Killed a tentacled monstrosity
 27561 | Snake:2  | Reached skill level 22 in Fighting
 27785 | Snake:2  | Noticed Donald
 27794 | Snake:2  | Killed Donald
 28006 | Snake:2  | Got Qeasacef's More Witchery
 28009 | Snake:2  | Identified the +2 quarterstaff of Ragnarok {venom, *Rage
                  | Int+5}
 28768 | Snake:3  | Reached XP level 17. HP: 176/176 MP: 17/17
 29241 | Snake:3  | Found Byneqot's Jewellery Shop.
 29617 | Snake:3  | Reached skill level 21 in Armour
 30334 | Snake:4  | Entered Level 4 of the Snake Pit
 30712 | Snake:4  | Noticed Bai Suzhen
 30715 | Snake:4  | Reached skill level 23 in Fighting
 30741 | Snake:4  | Killed Bai Suzhen
 32093 | Snake:4  | HP: 17/180 [naga sharpshooter/arrow (22)]
 32093 | Snake:4  | Slain by a salamander

Vanquished Creatures
  Bai Suzhen (Snake:4)
  2 tentacled monstrosities (Snake:2)
  Frances (Snake:2)
  A thorn hunter (Snake:2)
  Donald (Snake:2)
  Kirke (D:12)
  A nagaraja (Snake:4)
  A stone giant (D:15)
  Josephine (Lair:3)
  An ettin (Orc:2)
  Snorg (Lair:5)
  A fire dragon (Lair:5)
  3 salamander tyrants
  9 hydras
  A vault guard (D:13)
  7 anacondas
  2 boulder beetles
  11 centaur warriors
  An alligator (Snake:2)
  4 tengu warriors
  5 death yaks
  11 naga warriors
  4 two-headed ogres
  4 naga sharpshooters (Snake:3)
  7 shock serpents
  Urug (Lair:3)
  3 salamander mystics
  A fire crab (Lair:5)
  A sea snake (Snake:1)
  2 swamp dragons (Snake:2)
  7 naga ritualists
  A wizard (D:12)
  A lindwurm (Lair:4)
  Pikel (D:5)
  7 orc knights
  12 mana vipers
  3 deep elf pyromancers
  4 ugly things
  6 cyclopes
  An orc sorcerer (Orc:2)
  15 elephants
  2 manticores
  10 salamanders
  48 black mambas
  Maurice (D:12)
  2 torpor snails
  9 naga magi
  3 molten gargoyles (Lair:5)
  3 guardian serpents
  4 gargoyles
  13 cane toads
  18 komodo dragons
  2 unseen horrors (D:10)
  3 yaktaurs (D:15)
  3 rime drakes (Lair:5)
  2 ice devils (D:11)
  3 efreet
  4 polar bears
  3 trolls
  7 blink frogs (Lair:5)
  5 dream sheep (Lair:5)
  7 slime creatures
  A shadow (D:12)
  A culicivora (shapeshifter) (D:12)
  8 wyverns
  8 wraiths
  4 hogs (D:12)
  2 hogs (shapeshifter)
  44 yaks
  3 steam dragons
  3 basilisks
  15 vampire mosquitoes
  3 acid dragons
  5 wargs
  29 nagas
  3 swamp worms (Snake:2)
  Menkaure (D:5)
  4 hell hounds (Lair:5)
  18 water moccasins
  A sky beast (D:8)
  38 orc warriors
  2 swamp drakes (Snake:2)
  A black bear (shapeshifter) (D:13)
  4 black bears
  6 ogres
  A boggart (D:12)
  6 wolves (Lair:2)
  14 centaurs
  2 lemures (D:5)
  3 kobold brigands
  11 bullfrogs
  A necrophage (D:6)
  4 gnoll sergeants
  2 scorpions
  3 wights (D:6)
  13 killer bees
  2 electric eels (Snake:1)
  3 howler monkeys
  4 lava snakes (Lair:5)
  A gnoll bouda (D:8)
  8 orc priests
  2 hounds
  A jelly (D:6)
  5 iguanas
  Ijyb (D:3)
  Terence (D:3)
  13 orc wizards
  24 gnolls
  6 adders
  2 white imps
  4 ufetubi
  A worm (D:3)
  2 dart slugs
  75 orcs
  5 endoplasms
  3 giant cockroaches
  9 goblins
  6 hobgoblins
  5 jackals
  27 kobolds
  3 quokkas
  6 ball pythons
  8 bats
  3 frilled lizards
  8 rats
  8 briar patches (Snake:2)
810 creatures vanquished.

Vanquished Creatures (collateral kills)
  2 hydras (Snake:2)
  An alligator (Snake:2)
  A swamp dragon (Snake:2)
  A slime creature (D:11)
  A tyrant leech (Snake:2)
  2 vampire mosquitoes (Snake:2)
  A bullfrog (Lair:4)
  A lava snake (Lair:5)
10 creatures vanquished.

Vanquished Creatures (others)
  44 fungi
  71 plants
115 creatures vanquished.

Grand Total: 935 creatures vanquished

Table legend: (Time is in decaauts)
 A = Elapsed time spent in this place.
 B = Non-inter-level travel time spent in this place.
 C = Inter-level travel time spent in this place.
 D = Time resting spent in this place.
 E = Time spent auto-exploring this place.
 F = Levels seen in this place.
 G = Mean time per level.
                   A        B        C        D        E       F      G
               +--------+--------+--------+--------+--------+-----+--------+
         Total |  31527 |  30313 |   1214 |   4232 |  21713 |  26 | 1212.6 |
       Dungeon |  14814 |  14182 |    632 |    973 |  11106 |  15 |  987.6 |
          Lair |   6866 |   6598 |    268 |    493 |   5209 |   5 | 1373.2 |
     Snake Pit |   7445 |   7273 |    172 |   2404 |   3922 |   4 | 1861.2 |
  Orcish Mines |   2400 |   2258 |    142 |    361 |   1475 |   2 | 1200.0 |
               +--------+--------+--------+--------+--------+-----+--------+

Top non-repeatable levels by time:
  Lair:5: 2422 daAuts
 Snake:1: 2106 daAuts
 Snake:3: 2079 daAuts
 Snake:2: 1805 daAuts
   Orc:2: 1611 daAuts
 Snake:4: 1453 daAuts
     D:5: 1445 daAuts
    D:11: 1348 daAuts
  Lair:4: 1338 daAuts
    D:12: 1309 daAuts
  Lair:3: 1215 daAuts
     D:9: 1117 daAuts
    D:15: 1107 daAuts
    D:13: 1071 daAuts
     D:7: 1042 daAuts

Table legend:
 A = Non-vault XP
 B = Vault XP
 C = Vault XP percentage of total XP
 D = Non-vault monster count
 E = Vault monster count
 F = Vault count percentage of total count
                 A         B        C        D         E       F
            +---------+---------+-------+---------+---------+-------
      Total |  152752 |   70378 |  31.5 |     632 |     178 |  22.0
            +---------+---------+-------+---------+---------+-------
        D:1 |      53 |       0 |   0.0 |      33 |       0 |   0.0
        D:2 |      16 |       0 |   0.0 |       9 |       0 |   0.0
        D:3 |     131 |      76 |  36.7 |      28 |       2 |   6.7
        D:4 |     165 |       0 |   0.0 |      17 |       0 |   0.0
        D:5 |     615 |     798 |  56.5 |      21 |       2 |   8.7
        D:6 |     907 |       0 |   0.0 |      18 |       0 |   0.0
        D:7 |    1219 |       0 |   0.0 |      12 |       0 |   0.0
        D:8 |    1409 |       0 |   0.0 |      32 |       0 |   0.0
        D:9 |    3568 |       0 |   0.0 |      34 |       0 |   0.0
       D:10 |    1620 |       0 |   0.0 |      15 |       0 |   0.0
       D:11 |    5692 |    1909 |  25.1 |      33 |       9 |  21.4
       D:12 |    3406 |   10736 |  75.9 |      11 |      25 |  69.4
       D:13 |    3654 |    6711 |  64.7 |      10 |      10 |  50.0
       D:14 |    7101 |       0 |   0.0 |      24 |       0 |   0.0
       D:15 |    8102 |    1895 |  19.0 |      14 |       2 |  12.5
     Lair:1 |    2358 |       0 |   0.0 |       8 |       0 |   0.0
     Lair:2 |    4920 |    2897 |  37.1 |      18 |       9 |  33.3
     Lair:3 |    3478 |    3992 |  53.4 |      11 |      11 |  50.0
     Lair:4 |   11682 |       0 |   0.0 |      33 |       0 |   0.0
     Lair:5 |   17684 |   10053 |  36.2 |      54 |      28 |  34.1
    Snake:1 |   18441 |       0 |   0.0 |      38 |       0 |   0.0
    Snake:2 |   11268 |   18853 |  62.6 |      23 |      27 |  54.0
    Snake:3 |   22910 |       0 |   0.0 |      47 |       0 |   0.0
    Snake:4 |   16206 |    5381 |  24.9 |      28 |       4 |  12.5
      Orc:1 |    3056 |       0 |   0.0 |      31 |       0 |   0.0
      Orc:2 |    3091 |    7077 |  69.6 |      30 |      49 |  62.0
            +---------+---------+-------+---------+---------+-------
